Map: Deathaura LE

Players

Neeblet (Neeb)

  • Race: Protoss Protoss
  • Spawn Location: 11:00

liquidthermy (uThermal) - Winner!

  • Race: Terran Terran
  • Spawn Location: 5:00

Event: StayAtHomestory Cup #2

VOD

Have the link to the VOD?

Description

Time

  • Played on: June 12, 2020, noon
  • Length: 7:48

All games in this series

Show
View Real Time Build Order
Export as new Build Order

Neeblet Protoss 

Build Orders: 1 Gate Expand, Zealot Archon, Colossus Rush, Dark Templar Rush 

Get SALT Encoding   

  12  0:00  Probe  
  13  0:12  Probe  
  14  0:17  Pylon  
  14  0:24  Probe  
  15  0:32  Probe  
  15  0:33  Assimilator  
  15  0:41  Probe, Gateway  
  17  0:53  Probe  
  18  1:05  Probe  
  19  1:17  Probe  
  20  1:22  Nexus  
  20  1:31  Cybernetics Core  
  20  1:34  Probe  
  20  1:39  Assimilator  
  21  1:46  Probe  
  22  1:48  Pylon  
  22  1:56  Probe  
  22  1:57  Stalker  
  23  2:04  Probe  
  23  2:08  Warp Gate  
  25  2:12  Probe  
  26  2:20  Twilight Council  
  27  2:24  Probe  
  27  2:32  Probe  
  27  2:35  Adept  
  27  2:36  Probe  
  31  2:40  Probe  
  32  2:48  Probe, Pylon  
  32  2:49  Probe  
  34  3:01  Probe  
  34  3:03  Probe  
  36  3:06  Dark Shrine  
  36  3:10  Gateway  
  36  3:13  Probe, Stalker  
  36  3:19  Probe  
  40  3:25  Probe  
  41  3:28  Robotics Facility  
  39  3:43  Probe  
  39  3:49  Probe  
  39  3:55  Probe  
  39  3:56  Shield Battery  
  39  4:00  Stalker  
  39  4:01  Probe  
  42  4:07  Probe  
  42  4:09  Probe  
  43  4:14  Observer  
  43  4:16  Pylon  
  44  4:17  Probe  
  44  4:18  Dark Templar  
  44  4:19  Probe  
  44  4:21  Gateway  
  44  4:24  Assimilator  
  49  4:27  Probe, Assimilator  
  49  4:30  Dark Templar  
  49  4:31  Probe  
  53  4:35  Pylon  
  53  4:39  Probe  
  53  4:40  Warp Prism  
  53  4:43  Probe  
  55  4:51  Probe  
  56  4:52  Dark Templar  
  58  5:01  Nexus  
  58  5:05  Pylon  
  58  5:06  Observer  
  56  5:09  Robotics Bay  
  56  5:12  Probe  
  56  5:13  Probe  
  58  5:19  Immortal  
  58  5:25  Probe  
  60  5:32  Stalker x2  
  67  5:35  Stalker  
  67  5:40  Colossus  
  69  5:44  Pylon  
  69  5:49  Pylon  
  69  6:01  Adept  
  69  6:02  Adept x2  
  69  6:03  Extended Thermal Lance  
  81  6:05  Pylon  
  81  6:08  Pylon  
  81  6:12  Shield Battery  
  81  6:19  Probe  
  81  6:22  Probe  
  81  6:23  Colossus  
  81  6:24  Adept, Stalker  
  85  6:26  Stalker  
  71  6:48  Zealot x2  
  71  6:51  Dark Templar  
  77  6:59  Gateway x2  
  75  7:01  Gateway  
  75  7:10  Zealot  
  75  7:13  Pylon  
  77  7:18  Pylon  
  77  7:24  Dark Templar x2  
  77  7:28  Archon  
  81  7:43  Stalker  
Show
View Real Time Build Order
Export as new Build Order

liquidthermy Terran - Winner!

Build Orders: Cyclone Opening 

Get SALT Encoding   

  12  0:01  SCV  
  13  0:13  SCV  
  14  0:16  Supply Depot  
  14  0:25  SCV  
  15  0:38  SCV, Barracks  
  16  0:44  Refinery  
  16  0:50  SCV  
  16  0:54  Refinery  
  17  1:02  SCV  
  18  1:14  SCV  
  19  1:26  Orbital Command, Reaper  
  19  1:31  Supply Depot  
  20  1:44  Factory  
  20  1:52  SCV  
  21  1:58  Barracks Tech Lab  
  21  2:04  SCV  
  22  2:16  SCV  
  22  2:21  Command Center  
  23  2:28  SCV  
  24  2:33  Cyclone  
  27  2:40  SCV  
  27  2:41  Supply Depot  
  28  2:54  Barracks Reactor  
  28  2:59  Barracks  
  28  3:00  Barracks  
  28  3:10  Siege Tank  
  31  3:13  SCV  
  32  3:25  SCV  
  33  3:34  Marine  
  33  3:35  Marine  
  33  3:38  SCV  
  35  3:46  Siege Tank  
  38  3:50  Barracks Tech Lab x2  
  38  3:51  SCV  
  38  3:52  Marine  
  38  3:54  Marine  
  41  4:03  SCV  
  41  4:08  Marine x2, Stimpack  
  44  4:12  Orbital Command  
  44  4:14  Marine  
  44  4:15  SCV  
  46  4:21  Siege Tank  
  49  4:24  Combat Shield  
  49  4:27  SCV  
  49  4:29  Marine  
  51  4:33  Marine, Supply Depot  
  51  4:38  Marine x2  
  54  4:44  Engineering Bay  
  54  4:52  Supply Depot  
  54  4:54  Siege Tank, Marine  
  54  4:58  Marine  
  57  5:03  Marine  
  57  5:04  Marine  
  58  5:12  Marine  
  58  5:13  Missile Turret  
  55  5:22  SCV  
  55  5:23  Marine  
  55  5:26  SCV, Siege Tank  
  58  5:31  Marine  
  58  5:33  Marine  
  61  5:46  Marine  
  62  5:54  Missile Turret  
  61  6:03  SCV  
  62  6:05  Supply Depot  
  62  6:14  Marine x2  
  62  6:15  SCV, Siege Tank  
  67  6:19  SCV  
  67  6:22  Marine  
  67  6:24  Marine  
  69  6:32  Marine  
  62  6:37  Marine  
  64  6:59  Marine, Marauder x2  
  66  7:07  Siege Tank  
  69  7:09  SCV  
  70  7:16  Missile Turret  
  70  7:17  Marine x2  
  70  7:20  Marauder  
  70  7:22  Marauder  
  76  7:36  Bunker  
  74  7:37  Supply Depot  
Tags
 
Add a new tag
Caveats
  • Supply blocks, unpowered buildings, or Contaminate may cause inaccurate times.
  • Supply counts are checked every 10 seconds.